Map: LOTV re Archon Nimbus

Players

Kadet

  • Race: Protoss Protoss
  • League: Silver
  • Spawn Location: 5:00

minato

  • Race: Protoss Protoss
  • League: Platinum

Hindulaatti

  • Race: Terran Terran
  • League: Platinum
  • Spawn Location: 11:00

POLARIS

  • Race: Protoss Protoss
  • League: Gold

VOD

Have the link to the VOD?

Description

Time

  • Played on: April 2, 2015, 9:01 a.m.
  • Length: 1:47
Show
View Real Time Build Order
Export as new Build Order

Kadet Protoss 

Build Orders: 1 Gate Expand 

Get SALT Encoding   

  12  0:01  Probe  
  13  0:15  Pylon  
  13  0:28  Probe  
  14  0:45  Probe (Chrono Boost)  
  14  0:46  Gateway  
  15  0:55  Probe (Chrono Boost)  
  16  1:02  Probe  
  17  1:16  Nexus  
  17  1:36  Assimilator  
  17  1:38  Cybernetics Core  
  17  1:40  Assimilator  
Show
View Real Time Build Order
Export as new Build Order

minato Protoss 

Build Orders:  

Get SALT Encoding   

Show
View Real Time Build Order
Export as new Build Order

Hindulaatti Terran 

Build Orders:  

Get SALT Encoding   

  12  0:01  SCV  
  13  0:13  SCV  
  14  0:24  Supply Depot  
  14  0:25  SCV  
  15  0:43  Refinery  
  15  0:46  SCV  
  16  0:51  Barracks  
  16  0:58  SCV  
  17  1:15  SCV  
  18  1:26  Barracks  
Show
View Real Time Build Order
Export as new Build Order

POLARIS Protoss 

Build Orders:  

Get SALT Encoding   

Tags
 
Add a new tag
Caveats
  • Supply blocks, unpowered buildings, or Contaminate may cause inaccurate times.
  • Supply counts are checked every 10 seconds.